 Dungeon Crawl Stone Soup version 0.27.1-3-gb3d3a73c9e (webtiles) character file.

Game seed: 16105247578321108794

3715 GameOver the Tainter (level 10, -1/112 HPs)
             Began as a Naga Hedge Wizard on Oct 7, 2021.
             Was a Priest of Kikubaaqudgha.
             Slain by a komodo dragon (23 damage)
             ... on level 8 of the Dungeon on Oct 12, 2021.
             The game lasted 00:42:32 (6626 turns).

GameOver the Tainter (Naga Hedge Wizard)            Turns: 6626, Time: 00:42:33

Health: -1/112     AC: 25    Str: 12    XL:     10   Next: 14%
Magic:  1/18       EV:  1    Int: 23    God:    Kikubaaqudgha [***...]
Gold:   180        SH:  5    Dex: 12    Spells: 3/20 levels left

rFire    . . .     SeeInvis +   W - +4 long sword of Fortitude {flame, Drain rElec rCorr}
rCold    . . .     Faith    .   (no shield)
rNeg     + + +     Spirit   .   (armour currently unavailable)
rPois    +         Reflect  +   (helmet currently unavailable)
rElec    +         Harm     .   (cloak currently unavailable)
rCorr    +         Rampage  .   (gloves currently unavailable)
Will     +....     NoTele   +   (no barding)
Stlth    ++++......             u - amulet of reflection
HPRegen  0.28/turn              p - +6 ring of intelligence
MPRegen  0.16/turn              (no ring)

@: mighty, tree-form
A: stationary, stasis, torment immunity, boosted hp, AC +3, large, see
invisible, (deformed body), (poison resistance), (slowness 2), spit poison 1,
(naga tail 1)
a: Spit Poison, Renounce Religion, Receive Corpses


You were on level 8 of the Dungeon.
You worshipped Kikubaaqudgha.
Kikubaaqudgha was most pleased with you.
You were a tree.
You visited 1 branch of the dungeon, and saw 8 of its levels.
You also visited: Ossuary.

You collected 452 gold pieces.
You spent 272 gold pieces at shops.

Inventory:

Hand Weapons
 h - a +1 whip of electrocution
 m - a +0 flail of holy wrath
 n - the +5 falchion "Exocufuo" {speed, rCorr Int+2}
   (You found it on level 7 of the Dungeon)

   Attacks with this weapon are significantly faster.
   Int:       It affects your intelligence (+2).
   rCorr:     It protects you from acid and corrosion.
 q - a +0 hunting sling
 r - a +0 short sword of venom
 s - a +0 spear
 W - the +4 long sword of Fortitude (weapon) {flame, Drain rElec rCorr}
   (You found it on level 4 of the Dungeon)

   It burns those it strikes, dealing additional fire damage.
   Big, fiery blades are also staple armaments of hydra-hunters.
   rElec:     It insulates you from electricity.
   rCorr:     It protects you from acid and corrosion.
   Drain:     It drains your maximum health when unequipped.
Missiles
 i - 19 sling bullets
Armour
 b - a +0 robe (melded)
 c - a +0 helmet (melded)
 v - a +0 cloak (melded)
 z - a +2 kite shield
Magical Staves
 e - a staff of death
Jewellery
 p - a +6 ring of intelligence (left branch)
 u - an amulet of reflection (around neck)
 G - a ring of flight
Wands
 y - a wand of iceblast (7)
 A - a wand of polymorph (16)
 L - a wand of charming (7)
Scrolls
 d - a scroll of fear
 f - 2 scrolls of holy word
 g - a scroll of amnesia {unknown}
 k - 3 scrolls of summoning
 x - a scroll of immolation {unknown}
 B - a scroll of enchant weapon {unknown}
 C - 2 scrolls of fog
 D - a scroll of magic mapping {unknown}
 E - a scroll of teleportation
 F - 2 scrolls of identify
 J - a scroll of blinking {unknown}
Potions
 a - 2 potions of attraction
 j - 2 potions of lignification
 l - a potion of might
 o - 3 potions of magic
 t - 2 potions of haste
 H - a potion of flight {unknown}
 I - a potion of berserk rage {unknown}
 K - 2 potions of curing


   Skills:
 - Level 1.5 Dodging
 - Level 9.0 Stealth
 + Level 5.6 Spellcasting
 - Level 6.0 Conjurations
 - Level 1.0 Summonings
 + Level 7.2 Necromancy
 - Level 3.0 Translocations
 - Level 9.0 Poison Magic


You had 3 spell levels left.
You knew the following spells:

 Your Spells              Type           Power      Damage    Failure   Level
a - Magic Dart            Conj           100%       1d8       1%          1
b - Blink                 Tloc           N/A        N/A       3%          2
c - Dispel Undead         Necr           39%        3d16      4%          4
d - Mephitic Cloud        Conj/Pois/Air  29%        N/A       3%          3
q - Animate Dead          Necr           19%        N/A       4%          4
C - Vampiric Draining     Necr           19%        2d8       1%          3

Your spell library contained the following spells:

 Spells                   Type           Power      Damage    Failure   Level
 Pain                     Necr           100%       1d9       1%          1
 Sublimation of Blood     Necr           19%        N/A       1%          2
 Corpse Rot               Necr/Air       N/A        N/A       3%          2
 Conjure Flame            Conj/Fire      20%        6-21      8%          3
 Call Imp                 Summ           11%        N/A       9%          2
 Slow                     Hex            6%         N/A       13%         2
 Excruciating Wounds      Necr           19%        N/A       13%         5
 Borgnjor's Vile Clutch   Necr/Erth      11%        N/A       50%         5
 Death Channel            Necr           19%        N/A       56%         6


Dungeon Overview and Level Annotations

Branches:
Dungeon (8/15)             Temple (0/1) D:6         Ossuary (visited)
   Lair: D:8-11

Altars:
Dithmenos
Kikubaaqudgha
Nemelex Xobeh
Ru

Shops:
D:3 :?(*=

Annotations:
D:7 exclusion - dispell undead, 1 exclusion


Innate Abilities, Weirdness & Mutations

You are a tree.
Your roots penetrate the ground, keeping you stationary.
You cannot be teleported.
You are immune to unholy pain and torment.
Your maximum health is greatly increased.
Your equipment is partially melded.
((Your serpentine skin is tough. (AC +3)))
You have supernaturally acute eyesight. (SInv)
((Armour fits poorly on your strangely shaped body.))
((Your system is resistant to poisons. (rPois)))
((You cover ground very slowly.))
You can spit poison.
((You have a snake-like lower body.))


Message History

You block the scorpion's attack.
Unknown command.
Unknown command.
You slash the scorpion! You burn the scorpion.
The scorpion is almost dead.
The scorpion stings you. The scorpion completely misses you.
You riposte.
You slash the scorpion! You burn the scorpion.
You kill the scorpion!
Kikubaaqudgha accepts your kill.
Unknown command.
Unknown command.
Casting: Magic Dart (safe; 1% risk of failure)
Confirm with . or Enter, or press ? or * to list all spells.
Aiming: Mephitic Cloud (mildly dangerous; 3% risk of failure)
Press: ? - help, Shift-Dir - straight line, f - komodo dragon
Aim: a komodo dragon (chance to affect: 62%)
The ball explodes into a vile cloud!
The stinking cloud engulfs the komodo dragon but does no damage.
The stinking cloud engulfs you but does no damage.
The stinking cloud engulfs the acid dragon but does no damage.
The acid dragon is heavily wounded.
You hear a loud, deep croak!
You hear a shout!
You hear an angry buzzing noise.
Unknown command.
Unknown command.
Unknown command.
Unknown command.
Unknown command.
Unknown command.
Unknown command.
You slash the komodo dragon! You burn the komodo dragon.
The komodo dragon is moderately wounded.
You have got your breath back.
The komodo dragon is engulfed in noxious fumes.
The komodo dragon appears confused.
The komodo dragon bites you!
* * * LOW HITPOINT WARNING * * *
A kobold brigand comes into view.
It is wielding a +0 short sword and quivering poisoned darts.
The komodo dragon is engulfed in noxious fumes.
The komodo dragon appears confused.
The komodo dragon bites you!!
You die...
Kikubaaqudgha rasps: "You have failed me!
Welcome... death!"

##...#
..##.....#
##..## .........
##..##
...(......
#...##
#....K....P
###..##
##...[......
##..##
##.....P..
##..##
#......... ####
##..###...#
...###
#...♣lD..#
.....##
#...☼###†..P..
#.....## #..###
......
###....####.>###
..Z....
#...........#
.......
.........###
.......
##.....###
......P ####..#
##.#


You could see a komodo dragon (confused), an acid dragon and a kobold brigand.

Vanquished Creatures
  A wyvern (D:7)
  3 yaks (D:8)
  A wraith (D:7)
  Eustachio (D:4)
  A steam dragon (D:8)
  A vampire mosquito (D:7)
  4 water moccasins (D:8)
  A black bear (D:8)
  4 sky beasts
  A hornet zombie (D:7)
  An ogre (D:4)
  A necrophage (D:5)
  A lemure (D:7)
  2 phantoms
  2 elf zombies (Ossuary)
  A kobold brigand (D:7)
  A bullfrog (D:7)
  A wyvern zombie (D:5)
  2 gnoll sergeants (D:7)
  3 scorpions
  A water moccasin skeleton (D:5)
  3 killer bees (D:8)
  A bullfrog zombie (D:5)
  2 centaur zombies (D:7)
  3 hounds
  An iguana (D:5)
  3 orc wizards
  A killer bee zombie (D:7)
  4 mummies (Ossuary)
  A howler monkey zombie (D:7)
  Robin (D:2)
  15 gnolls
  2 adders (D:5)
  2 shadow imps
  A white imp (D:6)
  2 ufetubi (D:6)
  A worm zombie (D:7)
  A worm (D:4)
  A dart slug (D:3)
  13 orcs
  2 bats
  5 endoplasms
  3 giant cockroaches (D:2)
  A gnoll zombie (Ossuary)
  12 goblins
  6 hobgoblins
  3 jackals (D:4)
  14 kobolds
  3 quokkas
  4 ball pythons
  2 goblin zombies (Ossuary)
  A hobgoblin zombie (Ossuary)
  2 jackal zombies (Ossuary)
  A kobold zombie (Ossuary)
  2 orc zombies (Ossuary)
  4 rats
  A rat zombie (Ossuary)
158 creatures vanquished.

Vanquished Creatures (collateral kills)
  A bullfrog (D:8)
1 creature vanquished.

Vanquished Creatures (others)
  49 fungi (D:8)
  45 plants
94 creatures vanquished.

Grand Total: 253 creatures vanquished

Notes
Turn   | Place    | Note
-------+----------+-------------------------------------------
     0 | D:1      | GameOver the Naga Hedge Wizard began the quest for the Orb.
     0 | D:1      | Reached XP level 1. HP: 15/15 MP: 4/4
   522 | D:1      | Reached XP level 2. HP: 22/22 MP: 1/6
   851 | D:2      | Noticed Robin
   984 | D:2      | Killed Robin
   985 | D:2      | Reached XP level 3. HP: 28/28 MP: 2/7
  1391 | D:3      | Found Weugekka's Assorted Antiques.
  1398 | D:3      | Bought a scroll labelled DOMUUDUWEDD for 32 gold pieces
  1398 | D:3      | Bought a scroll labelled DOMUUDUWEDD for 32 gold pieces
  1451 | D:3      | Found Liffekini's Weapon Shoppe.
  1520 | D:3      | Found Okodghiko's Jewellery Emporium.
  1524 | D:3      | Learned a level 2 spell: Blink
  1528 | D:3      | Learned a level 3 spell: Mephitic Cloud
  1567 | D:3      | Found Kuimn's Magic Scroll Shoppe.
  1575 | D:3      | Bought a scroll of identify for 28 gold pieces
  1629 | D:3      | Found Goilia Defu's Book Shop.
  1699 | D:3      | Found a sacrificial altar of Ru.
  1705 | D:3      | Found a shadowy altar of Dithmenos.
  1706 | D:3      | Found an ancient bone altar of Kikubaaqudgha.
  1748 | D:3      | Became a worshipper of Kikubaaqudgha
  2111 | D:3      | Reached XP level 4. HP: 33/36 MP: 6/8
  2127 | D:3      | Found a faded altar of an unknown god.
  2413 | D:4      | Reached XP level 5. HP: 34/42 MP: 9/9
  2431 | D:4      | Identified the +4 long sword of Fortitude {flame, Drain
                  | rElec rCorr}
  2496 | D:4      | Noticed an ogre
  2515 | D:4      | Killed an ogre
  2516 | D:4      | Reached skill level 5 in Conjurations
  2618 | D:4      | Reached XP level 6. HP: 30/49 MP: 5/10
  2853 | D:4      | Noticed Eustachio
  2864 | D:4      | Killed Eustachio
  2865 | D:4      | Reached skill level 1 in Poison Magic
  3297 | D:5      | Entered Level 5 of the Dungeon
  3311 | D:5      | Reached XP level 7. HP: 49/55 MP: 4/11
  3378 | D:5      | Reached skill level 1 in Necromancy
  3464 | D:5      | Reached skill level 5 in Stealth
  4136 | D:6      | Reached skill level 5 in Poison Magic
  4136 | D:6      | Reached XP level 8. HP: 56/62 MP: 6/12
  4145 | D:6      | Reached * piety under Kikubaaqudgha
  4145 | D:6      | Received a gift from Kikubaaqudgha
  4158 | D:6      | Found a staircase to the Ecumenical Temple.
  4815 | D:3      | Bought a scroll labelled HAPLYI ASMAR for 32 gold pieces
  4815 | D:3      | Bought a scroll labelled HAPLYI ASMAR for 32 gold pieces
  4815 | D:3      | Bought a scroll labelled YSHIORA ARABA for 32 gold pieces
  4864 | D:3      | Bought a scroll of noise for 14 gold pieces
  4864 | D:3      | Bought a scroll of teleportation for 42 gold pieces
  4864 | D:3      | Bought a scroll of fog for 28 gold pieces
  5056 | D:7      | Found a sand-covered staircase.
  5071 | Ossuary  | Entered an ossuary
  5236 | Ossuary  | Reached ** piety under Kikubaaqudgha
  5456 | D:7      | Reached XP level 9. HP: 62/68 MP: 5/13
  5512 | D:7      | HP: 5/102 [hornet zombie (7)]
  5895 | D:7      | Identified the +5 falchion "Exocufuo" {speed, rCorr Int+2}
  6217 | D:7      | Reached skill level 5 in Necromancy
  6342 | D:8      | Found a sparkling altar of Nemelex Xobeh.
  6430 | D:8      | Learned a level 3 spell: Vampiric Draining
  6555 | D:8      | Reached *** piety under Kikubaaqudgha
  6555 | D:8      | Received a gift from Kikubaaqudgha
  6556 | D:8      | Reached skill level 5 in Spellcasting
  6561 | D:8      | Reached XP level 10. HP: 53/75 MP: 4/17
  6566 | D:8      | Learned a level 4 spell: Dispel Undead
  6571 | D:8      | Learned a level 4 spell: Animate Dead
  6626 | D:8      | Slain by a komodo dragon

Illustrated notes

Levels and vault maps discovered:
D:1:      dpeg_arrival_more_subterranean_lakeside_camping, layout_loops_ring
D:2:      layout_loops_cross, uniq_robin
D:3:      layout_basic, minitemple, serial_shops, shop, nicolae_shop_stone,
          nicolae_shop_trees, shop_statue, shop, chequers_ecumenical_altar_lobes
D:4:      layout_gridville, uniq_eustachio
D:5:      layout_loops_cross, roderic_lattice_a, small_statue_intersection
D:6:      layout_loops_ring, temple_statues
D:7:      nzn_winding_woodlands_three_and_one
          [nzn_winding_woodlands_5x15_lazy_stream,
          nzn_winding_woodlands_5x15_split_checker,
          nzn_winding_woodlands_5x15_twine, nzn_winding_woodlands_center_lodge],
          layout_basic, enter_ossuary_3, minmay_misc_feat_cross
D:8:      layout_layer_cave, mainiacjoe_overflow_catwalk_spiral,
          due_lair_maze_entry_diamond, grunt_ministairs_1, uniq_pikel

Skill      XL: |  1  2  3  4  5  6  7  8  9 10 |
---------------+-------------------------------+-----
Conjurations   | 2 3 4 5 6 |  6.0
Translocations | 2 3 |  3.0
Poison Magic   | 1 5 8 9 |  9.0
Stealth        | 4 5 7 9 |  9.0
Necromancy     | 2 3 6 7 |  7.2
Spellcasting   | 5 |  5.6
Dodging        | |  1.5
Summonings     | |  1.0

Action                   |  1- 3 |  4- 6 |  7- 9 | 10-12 || total
-------------------------+-------+-------+-------+-------++-------
Melee: Whip              |    38 |    22 |     4 |       ||    64
       Long sword        |       |       |   169 |    14 ||   183
 Cast: Magic Dart        |    40 |    54 |   180 |     1 ||   275
       Mephitic Cloud    |       |     3 |    14 |     1 ||    18
       Vampiric Draining |       |       |     2 |       ||     2
       Blink             |       |       |     1 |       ||     1
       Animate Dead      |       |       |       |     2 ||     2
 Abil: Spit Poison       |    28 |    28 |    41 |     5 ||   102
  Use: Potion            |     2 |       |     5 |     2 ||     9
       Scroll            |     1 |     1 |     6 |       ||     8
 Stab: Confused          |       |     3 |     4 |       ||     7
       Sleeping          |       |       |     2 |       ||     2
       Distracted        |       |       |     1 |     1 ||     2
Armor: Skin              |    82 |       |    24 |     6 ||   112
       Robe              |     3 |     5 |    70 |     6 ||    84
Dodge: Dodged            |    17 |    10 |   107 |    14 ||   148
Block: Other             |       |     3 |    76 |     8 ||    87
       Reflection        |       |       |     2 |       ||     2
       Rpst.: Long sword |       |       |    30 |     8 ||    38
